 Dungeon Crawl Stone Soup version 0.24.1-11-gbbbb2193e6 (webtiles) character file.

Game seed: 4273163295928736653, levelgen mode: deterministic

1181 lepoulpe303 the Conjurer (level 8, -2/63 HPs)
             Began as a Black Draconian Conjurer on May 15, 2020.
             Was an Initiate of Sif Muna.
             Killed from afar by Pikel (8 damage)
             ... with a puff of flame
             ... on level 5 of the Dungeon.
             The game lasted 00:32:19 (7928 turns).

lepoulpe303 the Conjurer (Black Draconian Conjurer) Turns: 7928, Time: 00:32:20

Health: -2/63      AC:  8    Str: 10    XL:     8   Next: 19%
Magic:  3/15       EV: 13    Int: 17    God:    Sif Muna [......]
Gold:   288        SH:  0    Dex: 13    Spells: 2/16 levels left

rFire    . . .     SeeInvis .   a - +2 dagger (drain)
rCold    . . .     Gourm    .   (no shield)
rNeg     . . .     Faith    .   (armour unavailable)
rPois    .         Spirit   .   (helmet restricted)
rElec    +         Reflect  .   g - +0 cloak
rCorr    .         Harm     .   D - +0 pair of gloves
MR       .....                  (no boots)
Stlth    ++........             (no amulet)
HPRegen  0.20/turn              (no ring)
MPRegen  0.14/turn              (no ring)

@: no status effects
A: breathe lightning, unfitting armour, electricity resistance, cold-blooded, AC
+6
a: Breathe Lightning, Renounce Religion


You were on level 5 of the Dungeon.
You worshipped Sif Muna.
Sif Muna was noncommittal.
You were not hungry.

You visited 2 branches of the dungeon, and saw 6 of its levels.

You collected 288 gold pieces.

Inventory:

Hand Weapons
 a - a +2 dagger of draining (weapon)
 d - a +0 short sword
Missiles
 h - 3 javelins (quivered)
 z - a throwing net {=f}
Armour
 g - a +0 cloak (worn)
 D - a +0 pair of gloves (worn)
Jewellery
 k - a cursed amulet of inaccuracy
 n - an uncursed ring of magical power {unknown}
 q - an uncursed ring of protection from fire {unknown}
 G - an uncursed amulet of guardian spirit {Spirit}
Wands
 p - a wand of enslavement (11)
 r - a wand of polymorph (9)
 y - a wand of paralysis (3)
 E - a wand of iceblast (4)
Scrolls
 i - 2 scrolls of identify
 l - 2 scrolls of remove curse {unknown}
 m - a scroll of enchant weapon {unknown}
 s - a scroll of fear {unknown}
 v - a scroll of enchant armour {unknown}
 x - a scroll of magic mapping {unknown}
 C - 2 scrolls of teleportation {unknown}
 F - a scroll of immolation {unknown}
Potions
 b - 2 potions of brilliance {unknown}
 c - a potion of curing {unknown}
 f - a potion of lignification {unknown}
 j - 2 potions of resistance {unknown}
 o - 2 potions of berserk rage {unknown}
 t - 3 potions of invisibility
 u - a potion of cancellation {unknown}
 w - 3 potions of heal wounds {unknown}
 A - a potion of magic {unknown}
 H - a potion of haste {unknown}
Comestibles
 e - 5 rations


   Skills:
 + Level 3.3 Fighting
 + Level 3.4 Dodging
 + Level 3.7 Stealth
 * Level 4.9 Spellcasting
 * Level 6.4 Conjurations
 + Level 2.5 Hexes
 + Level 1.0 Invocations


You had 2 spell levels left.
You knew the following spells:

 Your Spells              Type           Power        Failure   Level  Hunger
a - Magic Dart            Conj           ####         1%          1    None
b - Searing Ray           Conj           ####..       1%          2    #......
c - Dazzling Spray        Conj/Hex       ###...       7%          3    ###....
d - Fulminant Prism       Conj/Hex       ###.......   22%         4    ####...
x - Iskenderun's Mystic   Conj           ####....     10%         4    ####...

Your spell library contained the following spells:

 Spells                   Type           Power        Failure   Level  Hunger
 Force Lance              Conj/Tloc      ###.....     36%         4    ####...


Dungeon Overview and Level Annotations

Branches:
Dungeon (5/15)             Temple (1/1) D:5

Altars:
Ashenzari
Cheibriados
Dithmenos
Elyvilon
Fedhas
Gozag
Hepliaklqana
Kikubaaqudgha
Makhleb
Nemelex Xobeh
Okawaru
Qazlal
Ru
Sif Muna
Trog
Uskayaw
Wu Jian
Xom
Yredelemnul
Zin
The Shining One

Annotations:
D:3 1 runed translucent door, harkrass's ghost, amateur MiFi
D:5 Pikel


Innate Abilities, Weirdness & Mutations

You can breathe wild blasts of lightning.
Your glossy black scales are hard. (AC +6)
You cannot fit into any form of body armour.
You are resistant to electric shocks. (rElec)
You are cold-blooded and may be slowed by cold attacks.


Message History

* * * LOW HITPOINT WARNING * * *
Pikel freezes you.
* * * LOW HITPOINT WARNING * * *
The slave hits you.
* * * LOW HITPOINT WARNING * * *
You take 5 damage, and have 17/63 hp.
You barely miss Pikel.
You feel yourself speed up. The slave closely misses you. x2
Pikel zaps a wand.
The puff of flame hits you.
* * * LOW HITPOINT WARNING * * *
The slave hits you.
* * * LOW HITPOINT WARNING * * *
The slave hits you.
* * * LOW HITPOINT WARNING * * *
You take 12 damage, and have 5/63 hp.
Pikel zaps a wand.
The puff of flame hits you!
You die...

#######.## #.# ####### #.#
#.....# #.#
#.###.##########.########### #.#
#........##............#
#.###.##.##..#.pKp.#.###.#.#
#.....##.##..##p.p##.###.#.#####
###.####.##.....@....#.........#
.........###.###.#####.#.#.###.##
###.###..###.# #.# #.#.#.#..... #
#.# #(.....###.#####.#.#.#.#.#. #
#.# #.#######..........#.....#. #
#.###.# ##.....###.#####.#.#. #
#.##..# ##.......##.###.#.....
###.#...####.........#.........##
...........'.........'.......#.#


You could see Pikel and 4 slaves.

Levels and vault maps discovered:
D:1:      dpeg_arrival_subterranean_lakeside_camping, layout_loops_ring,
          serial_bayou, serial_bayou_pond_c, serial_bayou_shore_a,
          serial_bayou_shore_b, serial_bayou_ford_a, serial_bayou_shore_b,
          serial_bayou_lagoon_a
D:2:      layout_rooms, marbit_many_paths, uniq_jessica
D:3:      layout_basic, minitemple, gammafunk_ghost_grave, first_ration,
          uniq_natasha
D:4:      layout_basic, makhleb_heckhound_becter, lemuel_crystal_altar,
          mrwooster_statue_mirror
D:5:      layout_loops_corners, minmay_temple_entry_antechambers, uniq_pikel,
          uniq_ijyb
Temple:   nicolae_temple_elliptical

Notes
Turn   | Place    | Note
-------+----------+-------------------------------------------
     0 | D:1      | lepoulpe303 the Draconian Conjurer began the quest for the
                  | Orb.
     0 | D:1      | Reached XP level 1. HP: 14/14 MP: 3/3
    13 | D:1      | Identified a +0 dagger
    52 | D:1      | Identified a +0 short sword
   308 | D:1      | Identified a +0 dagger
   326 | D:1      | Identified a +0 cloak (You found it on level 1 of the
                  | Dungeon)
   360 | D:1      | Reached XP level 2. HP: 19/20 MP: 5/5
   364 | D:1      | Learned a level 2 spell: Searing Ray
   376 | D:1      | Identified a +0 dagger
   631 | D:1      | Identified a +0 club
   673 | D:1      | Reached skill level 2 in Dodging
   673 | D:1      | Reached skill level 2 in Stealth
   706 | D:1      | Identified a +0 club
  1102 | D:2      | Reached XP level 3. HP: 27/27 MP: 6/6
  1107 | D:2      | Learned a level 3 spell: Dazzling Spray
  1145 | D:2      | Identified a +0 club
  1180 | D:2      | Identified a +0 club
  1186 | D:2      | Identified a +0 robe
  1186 | D:2      | Noticed Jessica
  1290 | D:2      | Reached skill level 1 in Fighting
  1352 | D:2      | Killed Jessica
  1352 | D:2      | Reached XP level 4. HP: 35/35 MP: 2/8
  1439 | D:2      | Identified a +0 dagger
  1710 | D:2      | Identified a +0 dagger
  1712 | D:2      | lepoulpe303: !whichgod drcj
  1712 | D:2      | meem: 50 recent wins for drcj: 27x Vehumet, 5x Sif Muna, 3x
                  | Ashenzari, 3x Ru, 2x Qazlal, Zin, Dithmenos, Gozag,
                  | Hepliaklqana, Kikubaaqudgha, Makhleb, Nemelex Xobeh,
                  | Okawaru, Trog, Yredelemnul
  1717 | D:2      | Found a white marble altar of Elyvilon.
  1753 | D:3      | Identified a +0 war axe
  1753 | D:3      | Identified a +0 club
  1753 | D:3      | Identified a +0 dagger
  1753 | D:3      | Identified a +0 chain mail
  1985 | D:3      | Reached skill level 3 in Spellcasting
  2179 | D:3      | Identified a +2 dagger of draining
  2231 | D:3      | Reached XP level 5. HP: 40/40 MP: 6/9
  2238 | D:3      | Learned a level 4 spell: Iskenderun's Mystic Blast
  2263 | D:3      | Identified a +0 club
  2290 | D:3      | Found a runed translucent door.
  2427 | D:3      | Identified a +0 club
  2536 | D:3      | Noticed harkrass's ghost (amateur MiFi)
  2621 | D:3      | Reached skill level 1 in Hexes
  2631 | D:3      | Identified a +0 flail
  2722 | D:3      | Identified a +0 club
  2723 | D:3      | Identified a +0 short sword
  2845 | D:3      | Reached skill level 5 in Conjurations
  3113 | D:3      | Found an iron altar of Okawaru.
  3187 | D:3      | Identified a +2 hand axe of electrocution
  3280 | D:3      | Found a shattered altar of Ashenzari.
  3327 | D:3      | Noticed Natasha
  3335 | D:3      | Killed Natasha
  3335 | D:3      | Reached skill level 2 in Fighting
  3335 | D:3      | Reached XP level 6. HP: 46/48 MP: 5/11
  3390 | D:3      | Identified 2 scrolls of identify
  3390 | D:3      | Identified an amulet of guardian spirit (You found it on
                  | level 2 of the Dungeon)
  3391 | D:3      | Identified an amulet of inaccuracy (You found it on level 1
                  | of the Dungeon)
  3453 | D:3      | Noticed Natasha
  3457 | D:3      | Killed Natasha
  3817 | D:4      | Identified a +0 flail
  3842 | D:4      | Identified 3 potions of invisibility
  3901 | D:4      | Identified a +0 club
  3901 | D:4      | Identified a +0 leather armour
  4243 | D:4      | Identified a +0 flail
  4244 | D:4      | Identified a +0 dagger
  4244 | D:4      | Identified a +0 robe
  4252 | D:4      | Identified a +0 mace
  4395 | D:4      | Identified a +0 spear
  4398 | D:4      | Identified a ring of dexterity (You found it on level 4 of
                  | the Dungeon)
  4423 | D:4      | Found a shimmering altar of Xom.
  4438 | D:4      | Found a burning altar of Makhleb.
  4442 | D:4      | Reached skill level 3 in Stealth
  4442 | D:4      | Reached skill level 4 in Spellcasting
  4451 | D:4      | Your scales start taking on a glossy black colour.
  4451 | D:4      | Reached XP level 7. HP: 56/56 MP: 2/13
  4451 | D:4      | Gained mutation: You are resistant to electric shocks.
                  | (rElec) [Black Draconian growth]
  4526 | D:4      | Identified a +0 club
  4636 | D:4      | Learned a level 4 spell: Fulminant Prism
  4645 | D:4      | Identified a cursed -2 whip
  4703 | D:4      | Identified a +0 war axe
  4806 | D:4      | Reached skill level 3 in Dodging
  4819 | D:4      | Reached skill level 2 in Hexes
  4882 | D:4      | Identified a +0 chain mail
  4882 | D:4      | Identified a +0 dagger
  4910 | D:4      | Identified a +0 short sword
  4979 | D:4      | Identified a +0 club
  4979 | D:4      | Identified a +0 ring mail
  5195 | D:4      | Identified a +0 spear
  5213 | D:4      | Identified a +0 flail
  5215 | D:4      | Identified a +2 spear of piercing
  5774 | D:5      | Entered Level 5 of the Dungeon
  5835 | D:5      | Identified a +0 dagger
  5835 | D:5      | Identified a +0 robe
  5838 | D:5      | Identified a +0 dagger
  5838 | D:5      | Identified a +0 robe
  5844 | D:5      | Reached skill level 6 in Conjurations
  5846 | D:5      | Identified a +0 short sword
  5846 | D:5      | Identified a +0 leather armour
  5848 | D:5      | Reached skill level 3 in Fighting
  5850 | D:5      | Identified a +0 club
  5971 | D:5      | Identified a +0 war axe
  6081 | D:5      | Identified a +0 dagger
  6081 | D:5      | Identified a +0 robe
  6419 | D:5      | Identified a +0 pair of gloves (You found it on level 5 of
                  | the Dungeon)
  6421 | D:5      | Identified a +0 ring mail
  6421 | D:5      | Noticed Ijyb
  6433 | D:5      | Noticed Ijyb
  6433 | D:5      | Ijyb changed into Ijyb the jelly
  6436 | D:5      | Killed Ijyb the jelly
  6436 | D:5      | Reached XP level 8. HP: 26/63 MP: 0/15
  6708 | D:5      | Found a staircase to the Ecumenical Temple.
  6728 | Temple   | Entered the Ecumenical Temple
  6877 | Temple   | Became a worshipper of Sif Muna the Loreminder
  6943 | D:5      | Identified a +0 leather armour
  6943 | D:5      | Identified a +0 dagger
  6943 | D:5      | Identified a +0 robe
  6944 | D:5      | Identified a +0 hand axe
  6944 | D:5      | Identified a +0 leather armour
  6945 | D:5      | Identified a +0 club
  6948 | D:5      | Identified a +0 war axe
  6948 | D:5      | Identified a +0 leather armour
  7495 | D:5      | Identified a +2 whip of freezing
  7495 | D:5      | Identified a +2 robe of cold resistance
  7495 | D:5      | Noticed Pikel
  7820 | D:5      | Reached skill level 1 in Invocations
  7927 | D:5      | HP: 15/63 [Pikel/puff of flame (2)]
  7927 | D:5      | HP: 5/63 [slave[Pikel] (4)]
  7928 | D:5      | Killed from afar by Pikel

Table legend:
 A = Turns spent in this place as a percentage of turns spent in the entire game.
 B = Non-inter-level travel turns spent in this place as a percentage of non-inter-level travel turns spent in the entire game.
 C = Inter-level travel turns spent in this place as a percentage of turns spent in this place.
 D = Turns resting spent in this place as a percentage of non-inter-level travel turns spent in this place.
 E = Turns spent auto-exploring this place as a percentage of non-inter-level travel turns spent in this place.
 F = Non-inter-level travel turns spent in this place divided by the number of levels of this place that you've seen.
                   A       B       C       D       E      F
               +-------+-------+-------+-------+-------+----------------------
         Total | 100.0 | 100.0 |   3.4 |  37.2 |  41.9 | 1276.8
       Dungeon |  97.8 |  98.3 |   2.9 |  37.9 |  41.0 | 1505.8
        Temple |   2.2 |   1.7 |  24.1 |   0.0 |  97.7 | 132.0
               +-------+-------+-------+-------+-------+----------------------

Table legend:
 A = Kills in this place as a percentage of kills in entire the game.
 B = Kills by you in this place as a percentage of kills by you in the entire game.
 C = Kills by friends in this place as a percentage of kills by friends in the entire game.
 D = Other kills in this place as a percentage of other kills in the entire game.
 E = Experience gained in this place as a percentage of experience gained in the entire game.
 F = Experience gained in this place divided by the number of levels of this place that you have seen.
                   A       B       C       D       E      F
               +-------+-------+-------+-------+-------+----------------------
         Total | 100.0 | 100.0 |   N/A |   N/A | 100.0 | 281.3
       Dungeon | 100.0 | 100.0 |   N/A |   N/A | 100.0 | 337.6
               +-------+-------+-------+-------+-------+----------------------

Skill      XL: |  1  2  3  4  5  6  7  8 |
---------------+-------------------------+-----
Dodging        | 2 3 |  3.4
Stealth        | 2 3 |  3.7
Fighting       | 1 2 3 |  3.3
Spellcasting   | 3 4 |  4.9
Hexes          | 1 2 |  2.5
Conjurations   | 5 6 |  6.4
Invocations    | 1 |  1.0

Action                   |  1- 3 |  4- 6 |  7- 9 || total
-------------------------+-------+-------+-------++-------
Melee: Short sword       |    77 |    38 |       ||   115
       Dagger            |     7 |    63 |   123 ||   193
       Tailslap          |     8 |     8 |    14 ||    30
 Cast: Magic Dart        |    17 |    66 |    78 ||   161
       Searing Ray       |     2 |    24 |    23 ||    49
       Dazzling Spray    |       |       |     3 ||     3
       Iskenderun's Myst |       |       |     2 ||     2
       Fulminant Prism   |       |       |     1 ||     1
Evoke: Wand              |       |       |     3 ||     3
  Use: Scroll            |       |     3 |       ||     3
       Potion            |       |     1 |       ||     1
 Stab: Sleeping          |     4 |     3 |     1 ||     8
       Invisible         |       |     1 |       ||     1
  Eat: Chunk             |     2 |    11 |     6 ||    19
       Ration            |       |       |     2 ||     2
Armor: Skin              |    46 |    20 |    44 ||   110
Dodge: Dodged            |    94 |    69 |    89 ||   252

Vanquished Creatures
  An ice beast (D:5)
  3 scorpions
  A crimson imp (D:5)
  2 jellies (D:5)
  A bullfrog zombie (D:5)
  2 orc priests
  A gnoll shaman (D:4)
  3 hounds (D:4)
  5 orc wizards
  Jessica (D:2)
  Natasha (twice) (D:3)
  An iguana (D:4)
  4 worker ants
  A hound skeleton (D:4)
  A worker ant zombie (D:5)
  7 gnolls (D:4)
  A howler monkey skeleton (D:4)
  8 adders
  A shadow imp (D:5)
  2 oozes
  An adder skeleton (D:4)
  4 worms
  3 dart slugs
  2 leopard geckos
  18 orcs
  4 giant cockroaches
  10 goblins
  5 hobgoblins
  4 jackals
  A quokka (D:5)
  2 ball pythons
  9 bats
  5 frilled lizards
  6 kobolds
  A quokka skeleton (D:4)
  8 rats
131 creatures vanquished.

Vanquished Creatures (others)
  A fulminant prism (D:5)
1 creature vanquished.

Grand Total: 132 creatures vanquished
